 Dungeon Crawl Stone Soup version 0.28.0 (webtiles) character file.

Game seed: 17707229944640418493

14658 dolemite99 the Anamnesiscian (level 11, -3/82 HPs)
             Began as a Demonspawn Gladiator on Feb 18, 2022.
             Was an Elder of Hepliaklqana.
             Slain by a boulder beetle (21 damage)
             ... on level 1 of the Lair of Beasts.
             The game lasted 00:18:52 (15115 turns).

dolemite99 the Anamnesiscian (DsGl)                Turns: 15115, Time: 00:18:53

Health: -3/82      AC: 21    Str: 18    XL:     11   Next: 91%
Magic:  28/28      EV:  8    Int: 10    God:    Hepliaklqana [****..]
Gold:   529        SH:  0    Dex: 15    Spells: 10/10 levels left

rFire   . . .      SeeInvis .   a - +1 quarterstaff
rCold   . . .      Faith    +   (shield currently unavailable)
rNeg    + . .      Spirit   .   s - +1 chain mail of Fizogh {rN+}
rPois   .          Reflect  .   c - +0 helmet
rElec   .          Harm     .   o - +0 cloak
rCorr   .          Rampage  .   v - +2 pair of gloves
Will    .....                   x - +0 pair of boots
Stlth   ..........              q - amulet of faith
HPRegen 0.23/turn               z - ring of magical power
MPRegen 0.21/turn               (no ring)

@: no status effects
A: reduced essence, molten scales 2, demonic guardian 1, spiny 1, weakness
stinger 2
a: Renounce Religion, Recall Ancestor, Ancestor Identity, Transference, Idealise


You were on level 1 of the Lair of Beasts.
You worshipped Hepliaklqana.
Hepliaklqana was greatly pleased with you.
You visited 2 branches of the dungeon, and saw 11 of its levels.

You collected 672 gold pieces.
You spent 143 gold pieces at shops.

Inventory:

Hand Weapons
 a - a +1 quarterstaff (weapon)
 b - a +0 shortbow
 H - a +3 dire flail
 J - a +2 whip of venom
Missiles
 d - 5 throwing nets (quivered)
 h - 353 stones
 j - 78 sling bullets
 t - 153 arrows
 G - a curare-tipped dart
 I - 2 javelins
 N - 2 boomerangs
 O - 5 boomerangs of dispersal
Armour
 c - a +0 helmet (worn)
 o - a +0 cloak (worn)
 r - a scarf of repulsion
 s - the +1 chain mail of Fizogh (worn) {rN+}
   (You found it on level 6 of the Dungeon)

   rN:        It protects you from negative energy.
 v - a +2 pair of gloves (worn)
 x - a +0 pair of boots (worn)
Magical Staves
 l - a staff of fire
Jewellery
 e - an amulet of magic regeneration
 m - the ring of Ittuyheqa {Fire rElec}
   (You found it on level 8 of the Dungeon)

   [ring of fire]

   It enhances your fire magic.
   rF:        It protects you from fire.
   rC:        It makes you vulnerable to cold.
   rElec:     It insulates you from electricity.
 q - an amulet of faith (around neck)
 z - a ring of magical power (left hand)
 D - a ring of ice
 Q - an amulet of guardian spirit
Wands
 u - a wand of polymorph (9)
 K - a wand of digging (2)
 M - a wand of flame (7)
Scrolls
 f - a scroll of fear
 g - a scroll of silence
 i - 4 scrolls of amnesia
 n - 2 scrolls of teleportation
 p - a scroll of blinking
 A - a scroll of summoning
 B - a scroll of identify {@r1}
 L - a scroll of enchant armour
 P - a scroll of enchant weapon
Potions
 k - 2 potions of mutation
 w - 2 potions of haste
 y - 3 potions of brilliance {unknown}
 C - a potion of cancellation
 E - a potion of flight {unknown}
 F - 3 potions of curing


   Skills:
 - Level 10.3 Fighting
 - Level 11.6 Staves
 - Level 1.7 Throwing
 - Level 6.2 Armour
 - Level 2.6 Dodging
 + Level 11.7 Invocations


You had 10 spell levels left.
You didn't know any spells.
Your spell library contained the following spells:

 Spells                   Type           Power      Damage    Failure   Level
 Foxfire                  Conj/Fire      0%         2x1d4     99%         1
 Pain                     Necr           0%         1d4       99%         1
 Conjure Flame            Conj/Fire      0%         6-21      100%        3
 Frozen Ramparts          Ice            0%         1d2       100%        3
 Inner Flame              Hex/Fire       0%         N/A       100%        3
 Portal Projectile        Hex/Tloc       0%         N/A       100%        3
 Flame Wave               Conj/Fire      0%         2d4       100%        4
 Ice Form                 Ice/Tmut       0%         N/A       100%        4
 Summon Ice Beast         Ice/Summ       0%         N/A       100%        4
 Agony                    Necr           0%         N/A       100%        5
 Blade Hands              Tmut           0%         N/A       100%        5
 Excruciating Wounds      Necr           0%         N/A       100%        5


Dungeon Overview and Level Annotations

Branches:
Dungeon (10/15)            Temple (0/1) D:6            Lair (1/6) D:10
    Orc: D:9-12

Altars:
Ashenzari
Elyvilon
Gozag
Hepliaklqana
Kikubaaqudgha
Nemelex Xobeh
Okawaru
Qazlal
Trog
Wu Jian
Yredelemnul
Zin
The Shining One

Shops:
D:4 *


Innate Abilities, Weirdness & Mutations

Your life essence is reduced to manifest your ancestor. (-10% HP)
You are mostly covered in molten scales. (AC +3)
A weak demonic guardian rushes to your aid.
You are partially covered in sharp spines.
You have a tail ending in a sharp stinger.


Message History

The boulder beetle is lightly wounded.
You sock the boulder beetle!
The boulder beetle is lightly wounded.
The boulder beetle bites you.
You sock the boulder beetle!
The boulder beetle is moderately wounded.
The boulder beetle closely misses you.
You thump the boulder beetle!
The boulder beetle is heavily wounded.
The boulder beetle bites you.
You hit the boulder beetle but do no damage.
The boulder beetle is heavily wounded.
You hit the boulder beetle but do no damage.
The boulder beetle is heavily wounded.
The boulder beetle bites you but does no damage.
You hit the boulder beetle but do no damage.
You tail-slap the boulder beetle.
The boulder beetle is heavily wounded.
The boulder beetle bites you but does no damage.
You hit the boulder beetle.
You tail-slap the boulder beetle, but do no damage.
The boulder beetle is severely wounded.
The boulder beetle bites you!
You hit the boulder beetle but do no damage.
The boulder beetle is severely wounded.
You hit the boulder beetle.
You tail-slap the boulder beetle, but do no damage.
The boulder beetle is severely wounded.
The boulder beetle bites you!
You hit the boulder beetle but do no damage.
The boulder beetle is severely wounded.
The boulder beetle bites you!
* * * LOW HITPOINT WARNING * * *
A demonic guardian appears!
You hit the boulder beetle but do no damage.
The boulder beetle is severely wounded.
You hit the boulder beetle but do no damage.
The boulder beetle is severely wounded.
The boulder beetle bites you!!
You die...

## .########## ###
.......##.#####.######
..............4B@....#
######.#.###.#######.#
P...P#.°##.#.#P....#.#
.###.#.#○#...#.#+#.#.#
.+?#.(.#####.#.#?#.#.#
.###.#.##....#.###.#.#
P..(P#....#..#PR..P#.#
######.#.#.#.###'###.#
.......#.#.#.........##


You could see a boulder beetle (ally target) and a friendly ice devil
(summoned).

Vanquished Creatures
  Harold (D:9)
  2 hydras (Lair:1)
  A two-headed ogre (D:8)
  A death yak (D:9)
  A black mamba (Lair:1)
  A cane toad (Lair:1)
  A komodo dragon (Lair:1)
  A rime drake (Lair:1)
  A troll (D:5)
  Grinder (D:3)
  9 yaks
  Grum (D:10)
  2 water moccasins (Lair:1)
  2 black bears
  2 necrophages
  2 ogres
  5 wolves
  A centaur (D:10)
  A bullfrog (Lair:1)
  3 scorpions (D:5)
  8 killer bees
  2 wights (D:8)
  2 howler monkeys (D:9)
  2 centaur zombies
  2 centaur skeletons
  3 hounds
  An orc priest (D:8)
  2 gnoll shamans
  4 iguanas
  An orc wizard (D:6)
  6 adders
  2 gnolls (D:3)
  2 river rats (D:10)
  2 adder skeletons (D:4)
  A dart slug (D:2)
  4 orcs (D:6)
  5 ball pythons
  3 endoplasms
  2 giant cockroaches
  A goblin (D:2)
  8 hobgoblins
  5 jackals
  8 kobolds
  3 quokkas
  5 bats
  2 frilled lizards (D:1)
  3 rats
128 creatures vanquished.

Vanquished Creatures (collateral kills)
  A death yak (D:10)
  A komodo dragon (Lair:1)
  A troll (D:9)
  A hornet (D:10)
  Sigmund (D:5)
  10 yaks
  Eustachio (D:6)
  4 wyverns
  A water moccasin (Lair:1)
  2 sky beasts
  An ice beast (D:5)
  A black bear (D:5)
  A necrophage (D:5)
  3 wolves (Lair:1)
  2 centaurs
  3 kobold brigands
  4 bullfrogs
  2 scorpions (D:4)
  9 killer bees
  6 wights (D:8)
  2 jellies
  2 centaur zombies
  A hound (D:6)
  4 orc priests
  A bullfrog skeleton (D:6)
  Crazy Yiuf (D:3)
  An orc wizard (D:6)
  6 gnolls
  An adder (D:6)
  A white imp (D:6)
  An adder skeleton (D:4)
  2 worms
  3 dart slugs
  5 orcs
  A bat (D:2)
  An endoplasm (D:3)
  A goblin (D:3)
  3 hobgoblins
  13 kobolds
  3 rats
108 creatures vanquished.

Vanquished Creatures (others)
  18 battlemagi
  A fungus (Lair:1)
  A plant (Lair:1)
20 creatures vanquished.

Grand Total: 256 creatures vanquished

Notes
Turn   | Place    | Note
-------+----------+-------------------------------------------
     0 | D:1      | dolemite99 the Demonspawn Gladiator began the quest for the
                  | Orb.
     0 | D:1      | Reached XP level 1. HP: 16/16 MP: 1/1
   172 | D:1      | Gained mutation: You have a small tail. [demonic ancestry]
   172 | D:1      | Reached XP level 2. HP: 16/22 MP: 2/2
   560 | D:1      | Found a faded altar of an unknown god.
   780 | D:1      | Prayed at the altar of an unknown god.
   780 | D:1      | Became a worshipper of Hepliaklqana the Forgotten
   780 | D:1      | Reached * piety under Hepliaklqana
  1635 | D:2      | Gained mutation: You are partially covered in molten
                  | scales. (AC +2) [demonic ancestry]
  1635 | D:2      | Reached XP level 3. HP: 11/24 MP: 3/3
  2045 | D:2      | Reached ** piety under Hepliaklqana
  2046 | D:2      | Remembered your ancestor Keminub as a battlemage
  2492 | D:3      | Noticed Grinder
  2534 | D:3      | Killed Grinder
  2535 | D:3      | Reached XP level 4. HP: 20/29 MP: 4/4
  2535 | D:3      | Reached XP level 5. HP: 24/34 MP: 5/5
  2642 | D:3      | Found a bloodstained altar of Trog.
  2894 | D:3      | Gained mutation: You are partially covered in sharp spines.
                  | [demonic ancestry]
  2894 | D:3      | Reached XP level 6. HP: 38/39 MP: 6/6
  3252 | D:3      | Found a runed translucent door.
  3253 | D:3      | Noticed Crazy Yiuf
  3259 | D:3      | Killed Crazy Yiuf
  3444 | D:3      | HP: 1/39 [gnoll (10)]
  3966 | D:3      | Found an ornate altar of the Wu Jian Council.
  3967 | D:3      | Found a hazy altar of Hepliaklqana.
  3967 | D:3      | Found an opulent altar of Gozag.
  3969 | D:3      | Found a basalt altar of Yredelemnul.
  3970 | D:3      | Found a sparkling altar of Nemelex Xobeh.
  3972 | D:3      | Found an ancient bone altar of Kikubaaqudgha.
  4391 | D:4      | Found Puniaps's General Store.
  4394 | D:4      | Bought a potion of heal wounds for 55 gold pieces
  4394 | D:4      | Bought a wand of mindburst (4) for 88 gold pieces
  4633 | D:4      | Noticed a sky beast
  4639 | D:4      | Killed a sky beast
  4640 | D:4      | Reached XP level 7. HP: 45/45 MP: 7/7
  4910 | D:5      | Entered Level 5 of the Dungeon
  4923 | D:5      | Reached *** piety under Hepliaklqana
  5009 | D:5      | Reached XP level 8. HP: 50/50 MP: 8/8
  5132 | D:5      | Reached skill level 10 in Staves
  5445 | D:5      | Noticed Sigmund
  5453 | D:5      | Killed Sigmund
  5749 | D:5      | Noticed a troll
  5758 | D:5      | Killed a troll
  6498 | D:6      | Gained mutation: A weak demonic guardian rushes to your
                  | aid. [demonic ancestry]
  6498 | D:6      | Reached XP level 9. HP: 54/54 MP: 9/9
  6568 | D:6      | Found a staircase to the Ecumenical Temple.
  6746 | D:6      | Identified the +1 chain mail of Fizogh {rN+}
  6907 | D:6      | Noticed Eustachio
  6912 | D:6      | Reached skill level 1 in Armour
  6915 | D:6      | Killed Eustachio
  6925 | D:6      | Found a broken altar of Ashenzari.
  6925 | D:6      | Reached **** piety under Hepliaklqana
  7123 | D:6      | Found an iron altar of Okawaru.
  7654 | D:7      | Found a stormy altar of Qazlal.
  7849 | D:8      | Reached skill level 5 in Armour
  8923 | D:8      | Noticed a two-headed ogre
  9300 | D:8      | Identified the ring of Ittuyheqa {Fire rElec}
  9303 | D:8      | Reached ***** piety under Hepliaklqana
  9542 | D:8      | Killed a two-headed ogre
  9543 | D:8      | Reached skill level 5 in Fighting
  9543 | D:8      | Gained mutation: You are mostly covered in molten scales.
                  | (AC +3) [demonic ancestry]
  9543 | D:8      | Reached XP level 10. HP: 49/66 MP: 10/10
 10055 | D:9      | Noticed Harold
 10085 | D:9      | Killed Harold
 11182 | D:10     | Entered Level 10 of the Dungeon
 11431 | D:9      | Reached skill level 10 in Fighting
 11431 | D:9      | Gained mutation: You have a tail ending in a sharp stinger.
                  | [demonic ancestry]
 11431 | D:9      | Reached XP level 11. HP: 78/81 MP: 11/11
 11712 | D:10     | Noticed Grum
 11762 | D:10     | Noticed a death yak
 11763 | D:10     | Noticed a death yak
 12079 | D:10     | Reached skill level 1 in Invocations
 12129 | D:10     | Noticed a death yak
 12153 | D:9      | Killed a death yak
 12208 | D:10     | Found a staircase to the Lair.
 12716 | D:10     | Killed Grum
 12717 | D:10     | Reached skill level 5 in Invocations
 12878 | D:10     | Killed a death yak
 13387 | Lair:1   | Entered Level 1 of the Lair of Beasts
 14463 | Lair:1   | Noticed a seven-headed hydra
 14479 | Lair:1   | Killed a seven-headed hydra
 14480 | Lair:1   | Reached skill level 10 in Invocations
 14560 | Lair:1   | Noticed a four-headed hydra
 14594 | Lair:1   | Killed a four-headed hydra
 15074 | Lair:1   | Noticed a boulder beetle
 15115 | Lair:1   | Slain by a boulder beetle

Illustrated notes

Levels and vault maps discovered:
D:1:      evilmike_arrival_crescent, layout_basic,
          shapermc_ecumenical_altar_mp_vishouse, roderic_lattice_a,
          grunt_decor_fettered
D:2:      layout_loops_ring, minmay_mini_jars
D:3:      layout_basic, minitemple, uniq_crazy_yiuf_cottage, uniq_grinder
D:4:      layout_loops_cross, serial_shops, kennysheep_mini
D:5:      layout_gridville, uniq_sigmund
D:6:      layout_basic, cheibrodos_ashenzari_chains, marbit_many_paths,
          minmay_temple_entry_stoned_glass, minivault_4, uniq_eustachio
D:7:      layout_gridville, grunt_qazlal_sundering
D:8:      layout_basic, mainiacjoe_overflow_surrounded_room,
          kennysheep_generic_room_5
D:9:      layout_roguey, uniq_harold
D:10:     layout_cave_pools, dpeg_lair_monsters,
          hangedman_abyss_or_decor_stagger, uniq_grum
Lair:1:   gammafunk_boulding_lane, layout_cave_pods, special_room
          [special_room_bee], minmay_shattered_shrine, uniq_fannar

Skill      XL: |  1  2  3  4  5  6  7  8  9 10 11 |
---------------+----------------------------------+-----
Staves         | 3 4 6 7 9 11 | 11.6
Armour         | 5 6 |  6.2
Fighting       | 5 10 | 10.3
Invocations    | 11 | 11.7
Throwing       | |  1.7
Dodging        | |  2.6

Action                   |  1- 3 |  4- 6 |  7- 9 | 10-12 || total
-------------------------+-------+-------+-------+-------++-------
Melee: Quarterstaff      |    80 |    42 |   110 |   144 ||   376
       Tailslap          |     3 |     9 |    18 |    19 ||    49
 Fire: Shortbow          |       |       |     5 |   134 ||   139
Throw: Throwing net      |     4 |       |     1 |       ||     5
       Javelin           |       |       |    27 |       ||    27
       Dart              |       |       |     1 |       ||     1
Invok: Ancestor Life: Ba |     1 |       |       |       ||     1
       Recall Ancestor   |       |     2 |     1 |       ||     3
       Idealise          |       |       |       |     5 ||     5
Evoke: Wand              |       |       |     4 |     9 ||    13
  Use: Scroll            |       |     1 |    16 |     6 ||    23
       Potion            |       |     3 |     5 |     3 ||    11
 Stab: Sleeping          |       |     1 |       |       ||     1
       Distracted        |       |       |     4 |     2 ||     6
Armor: Leather armour    |    33 |    15 |    11 |       ||    59
       Chain mail        |       |       |    33 |   130 ||   163
       Skin              |       |       |       |     6 ||     6
Dodge: Dodged            |    53 |    36 |    57 |    78 ||   224
